 Dungeon Crawl Stone Soup version 0.29.1-4-g47bece8355 (webtiles) character file.

Game seed: 755746606418308578

3560 H0rd4k the Grappler (level 10, -9/69 HPs)
             Began as an Octopode Artificer on Dec 2, 2022.
             Was an Initiate of Gozag.
             Mangled by an orc knight
             ... wielding a +0 halberd
              (41 damage)
             ... in a bailey.
             The game lasted 00:13:00 (8160 turns).

H0rd4k the Grappler (Octopode Artificer)            Turns: 8160, Time: 00:13:01

Health: -9/69      AC:  1    Str: 23    XL:     10   Next: 9%
Magic:  18/18      EV: 17    Int: 17    God:    Gozag
Gold:   1293       SH:  5    Dex: 12    Spells: 15/20 levels left

rFire   . . .      SeeInvis .   C - +12 mace "Giykkud" {elec, Str+4}
rCold   . . .      Faith    .   (no shield)
rNeg    . . .      Spirit   .   (helmet restricted)
rPois   .          Reflect  +   A - amulet "Zuusigh" {Reflect Rampage SH+5}
rElec   .          Harm     .   v - +4 ring of slaying
rCorr   .          Rampage  +   f - +4 ring of evasion
Will    .....                   B - +6 ring of strength
Stlth   +++.......              (no ring)
HPRegen 0.21/turn               (no ring)
MPRegen 0.16/turn               (no ring)
                                (no ring)
                                (no ring)

@: gold aura, studying 3 skills
A: almost no armour, amphibious, 8 rings, camouflage 1, gelatinous body 1,
(nimble swimmer 1), tentacles
a: Renounce Religion, Potion Petition, Call Merchant, Bribe Branch


You were in a bailey.
You worshipped Gozag.
Gozag was most pleased with you.
You visited 2 branches of the dungeon, and saw 8 of its levels.
You also visited: Ossuary and Bailey.

You collected 1378 gold pieces.
You paid 85 gold pieces to Gozag.

Inventory:

Hand Weapons
 C - the +12 mace "Giykkud" (weapon) {elec, Str+4}
   (You found it on level 5 of the Dungeon)

   It occasionally discharges a powerful burst of electricity upon striking a
   foe.
   Str:       It affects your strength (+4).
Magical Staves
 r - a staff of cold
Jewellery
 f - a +4 ring of evasion (right tentacle)
 i - an amulet of guardian spirit
 m - an amulet of regeneration
 v - a +4 ring of slaying (left tentacle)
 A - the amulet "Zuusigh" (around mantle) {Reflect Rampage SH+5}
   (You found it on level 5 of the Dungeon)

   [amulet of reflection]

   It reflects blocked missile attacks.
   SH:        It affects your SH (+5).
   Rampage:   It bestows one free step when moving towards enemies.
 B - a +6 ring of strength (on tentacle)
Wands
 b - a wand of flame (30) (quivered)
 c - a wand of charming (1)
 d - a wand of iceblast (5)
 F - a wand of polymorph (3)
Scrolls
 a - a scroll of poison {unknown}
 e - 2 scrolls of amnesia
 h - 6 scrolls of teleportation
 l - 3 scrolls of enchant armour
 p - a scroll of blinking {unknown}
 q - 2 scrolls of vulnerability
 u - a scroll of fear {unknown}
 x - a scroll of enchant weapon {unknown}
 y - 3 scrolls of immolation {unknown}
 D - 2 scrolls of noise {unknown}
Potions
 j - a potion of heal wounds
 k - 4 potions of flight
 n - 8 potions of brilliance
 o - 3 potions of resistance
 s - 2 potions of lignification
 t - 4 potions of mutation
 z - 4 potions of curing
 E - a potion of might
Miscellaneous
 g - a phantom mirror (inert)


   Skills:
 + Level 6.4 Fighting
 + Level 5.0 Maces & Flails
 - Level 2.3 Dodging
 - Level 1.3 Stealth
 + Level 0.2 Shields
 + Level 9.3 Unarmed Combat
 * Level 5.5 Spellcasting
 * Level 3.0 Transmutations
 - Level 3.2 Evocations


You had 15 spell levels left.
You knew the following spells:

 Your Spells              Type           Power      Damage    Failure   Level
a - Blade Hands           Tmut           7%         N/A       71%         5

Your spell library contained the following spells:

 Spells                   Type           Power      Damage    Failure   Level
 Foxfire                  Conj/Fire      16%        2x1d4     14%         1
 Blink                    Tloc           8%         N/A       21%         2
 Conjure Flame            Conj/Fire      4%         6-21      38%         3
 Inner Flame              Hex/Fire       4%         N/A       38%         3
 Lesser Beckoning         Tloc           4%         N/A       38%         3
 Portal Projectile        Hex/Tloc       8%         N/A       38%         3
 Tukima's Dance           Hex            4%         N/A       38%         3
 Flame Wave               Conj/Fire      4%         2d5       80%         4
 Fireball                 Conj/Fire      2%         3d4       98%         5
 Iskenderun's Battlesphe  Conj           4%         2d6       98%         5
 Manifold Assault         Tloc           4%         N/A       98%         5
 Conjure Ball Lightning   Conj/Air       2%         3x3d6     100%        6
 Orb of Destruction       Conj           2%         9d5       100%        7


Dungeon Overview and Level Annotations

Branches:
Dungeon (7/15)             Temple (1/1) D:7         Ossuary (visited)
 Bailey (1/1)

Altars:
Ashenzari
Cheibriados
Dithmenos
Fedhas
Gozag
Hepliaklqana
Nemelex Xobeh
Okawaru
Qazlal
Ru
Sif Muna
Trog
Uskayaw
Vehumet
Xom
Zin
The Shining One


Innate Abilities, Weirdness & Mutations

You cannot wear most types of armour.
You are amphibious.
You can wear up to eight rings at the same time.
Your skin changes colour to match your surroundings (Stealth+).
Your rubbery body absorbs attacks. (AC +1, EV +1)
((You are camouflaged when in or above water. (Stealth+)))
You have tentacles for arms and can constrict up to eight enemies at once.


Message History

Aim: an orc warrior, wielding a +0 glaive and wearing a +0 crystal plate armour (strong, chance to affect: 57%)
The orc warrior is charmed.
Unknown command.
What are your orders? t - Shout!
Orders for allies: a - Attack new target. p - Attack previous target. r - Retreat! s - Stop attacking. g - Guard the area. f - Follow me.
Anything else - Cancel.
Guard this area!
Your orc warrior misses the orc knight.
The orc knight roars a battlecry!
The orc knight goes into a battle-frenzy!
Unknown command.
Your orc warrior hits the orc knight with a +0 glaive!!
The orc knight closely misses your orc warrior.
The orc knight hits your orc warrior with a +0 halberd!!
Aiming: Phantom Mirror
Press: ? - help, Dir - move target, f/p - orc warrior
Aim: an orc warrior, wielding a +0 glaive and wearing a +0 crystal plate armour (almost dead, charmed, strong, friendly)
Okay, then.
Your orc warrior hits the orc knight with a +0 glaive!
The orc knight hits your orc warrior with a +0 halberd.
Your orc warrior dies!
The orc is distracted by your dazzling golden aura.
The orc shouts!
Aiming: Phantom Mirror
Press: ? - help, Dir - move target, f - orc knight
Aim: an orc knight, wielding a +0 halberd and wearing a +0 plate armour (moderately wounded, strong)
You reflect the orc knight with the mirror!
The mirror clouds!
The orc is no longer distracted by gold.
Your orc knight hits the orc knight with a +0 halberd.
The orc knight hits you from afar with a +0 halberd!!
Unknown command.
Your orc knight hits the orc knight with a +0 halberd!!
The orc knight hits you from afar with a +0 halberd!
The orc knight hits you with a +0 halberd!!!
Ouch! That really hurt!
You die...
Your body crumbles into a pile of gold.

.................................
.≈≈≈≈≈.................≈≈≈≈≈.....
≈≈###≈≈...............≈≈###≈≈....
≈##.##≈...............≈##.##≈....
≈#......................)).#≈....
≈##)∩#≈...............≈#∩)##≈....
≈≈#.##≈....#######....≈##)#≈≈....
.≈≈.≈≈≈....##....##...≈≈≈.≈≈.....
...........##.o.@.##.............
...........##ooo#..##............
.......##..##∩.∩##..#............
.......##.####'####.##...........
.......##.')#...#)'.##...........
.......##.###.8.###.##...........
.......##.')#?.)#)'.##...........
.......##.#########.##...........
........#..##)#)##..#............


You could see 2 orc knights, an orc (strong) and a friendly orc knight
(summoned, strong, drained).

Vanquished Creatures
  Duvessa (D:4)
  9 orc warriors (Bailey)
  2 water moccasins
  A sky beast (D:7)
  2 black bears
  2 ogres (D:5)
  3 phantoms
  An elf zombie (Ossuary)
  2 bullfrogs
  2 necrophages (D:7)
  3 scorpions
  3 wights (D:6)
  2 killer bees (D:7)
  2 howler monkeys (D:7)
  A centaur zombie (Ossuary)
  4 hounds (D:5)
  A jelly (D:5)
  2 orc priests (D:6)
  2 iguanas
  7 orc wizards
  2 mummies (Ossuary)
  Robin (D:3)
  10 adders
  A worm zombie (D:4)
  A dart slug (D:3)
  32 orcs
  6 ball pythons
  7 endoplasms
  A giant cockroach (D:2)
  17 goblins
  12 hobgoblins
  4 jackals (D:4)
  A quokka (D:1)
  8 bats
  4 frilled lizards
  3 goblin zombies (Ossuary)
  12 hobgoblin zombies (Ossuary)
  A jackal zombie (Ossuary)
  2 kobolds (D:4)
  8 kobold zombies (Ossuary)
  8 orc zombies (Ossuary)
  6 rats
  3 rat zombies (Ossuary)
202 creatures vanquished.

Vanquished Creatures (collateral kills)
  A scorpion (D:5)
  3 killer bees (D:7)
  An orc wizard (D:5)
  A dart slug (D:4)
  An orc (D:7)
  A bat (D:5)
8 creatures vanquished.

Vanquished Creatures (others)
  An orc warrior (Bailey)
  Dowan (D:4)
  4 fungi
6 creatures vanquished.

Grand Total: 216 creatures vanquished

Notes
Turn   | Place    | Note
-------+----------+-------------------------------------------
     0 | D:1      | H0rd4k the Octopode Artificer began the quest for the Orb.
     0 | D:1      | Reached XP level 1. HP: 13/13 MP: 1/1
   380 | D:1      | Reached skill level 1 in Spellcasting
   380 | D:1      | Reached XP level 2. HP: 18/18 MP: 3/3
  1310 | D:2      | Reached XP level 3. HP: 5/24 MP: 3/5
  1313 | D:2      | HP: 1/24 [poisoned by an adder]
  2013 | D:2      | Reached skill level 1 in Unarmed Combat
  2592 | D:3      | Reached XP level 4. HP: 26/30 MP: 6/6
  3118 | D:3      | Noticed Robin
  3127 | D:3      | Killed Robin
  3284 | D:3      | Found a faded altar of an unknown god.
  3409 | D:4      | Found a sand-covered staircase.
  3419 | D:4      | Reached skill level 2 in Unarmed Combat
  3440 | Ossuary  | Entered an ossuary
  3476 | Ossuary  | Reached XP level 5. HP: 33/36 MP: 8/8
  3623 | Ossuary  | Reached skill level 3 in Unarmed Combat
  3756 | Ossuary  | Reached XP level 6. HP: 42/42 MP: 9/9
  3957 | D:4      | Noticed a water moccasin
  3983 | D:4      | Reached skill level 4 in Unarmed Combat
  4050 | D:4      | Killed a water moccasin
  4051 | D:4      | Reached XP level 7. HP: 47/47 MP: 11/11
  4364 | D:4      | Reached skill level 5 in Unarmed Combat
  4401 | D:4      | Noticed Dowan
  4404 | D:4      | Noticed Duvessa
  4409 | D:4      | Your ally Dowan died
  4420 | D:4      | Killed Duvessa
  4620 | D:5      | Entered Level 5 of the Dungeon
  4773 | D:5      | Reached skill level 6 in Unarmed Combat
  4888 | D:5      | Reached XP level 8. HP: 54/54 MP: 13/13
  4892 | D:5      | Found a sacrificial altar of Ru.
  5001 | D:5      | HP: 1/54 [ogre/+0 giant club (23)]
  5099 | D:5      | Identified the amulet "Zuusigh" {Reflect Rampage SH+5}
  5132 | D:5      | Reached skill level 7 in Unarmed Combat
  5429 | D:5      | Identified the +12 mace "Giykkud" {elec, Str+4}
  6116 | D:6      | Reached skill level 8 in Unarmed Combat
  6214 | D:6      | Reached skill level 5 in Fighting
  6214 | D:6      | Reached XP level 9. HP: 61/61 MP: 15/15
  6399 | D:6      | Reached skill level 1 in Maces & Flails
  6809 | D:7      | Reached skill level 9 in Unarmed Combat
  6829 | D:7      | Found a staircase to the Ecumenical Temple.
  6882 | Temple   | Entered the Ecumenical Temple
  6908 | Temple   | Became a worshipper of Gozag Ym Sagoz the Greedy
  7103 | D:7      | Reached skill level 5 in Spellcasting
  7107 | D:7      | Found a flagged portal.
  7141 | Bailey   | Entered a bailey
  7182 | Bailey   | Identified 4 scrolls of acquirement
  7204 | Bailey   | Acquired a manual of Polearms
  7209 | Bailey   | Acquired a manual of Long Blades
  7213 | Bailey   | Acquired a manual of Transmutations
  7217 | Bailey   | Acquired 968 gold pieces
  7244 | Bailey   | Learned a level 5 spell: Blade Hands
  7310 | Bailey   | Reached skill level 1 in Transmutations
  7737 | Bailey   | Reached XP level 10. HP: 54/69 MP: 16/18
  8138 | Bailey   | Reached skill level 5 in Maces & Flails
  8150 | Bailey   | Noticed an orc knight
  8150 | Bailey   | Noticed an orc knight
  8160 | Bailey   | Mangled by an orc knight

Illustrated notes

Levels and vault maps discovered:
D:1:      dpeg_arrival_arbitrary_a, layout_basic
D:2:      layout_loops_ring
D:3:      layout_basic, shapermc_ecumenical_altar_ellora,
          chequers_serial_rivers_micro_d, uniq_robin
D:4:      layout_loops_ring, enter_ossuary_3, minmay_diced_spiral, uniq_duvessa
D:5:      old_forge, layout_layer_cave, nicolae_ru_sacrificial_ziggurat,
          kennysheep_generic_room_15
D:6:      layout_basic
D:7:      layout_layer_cave, minmay_temple_entry_stoned_glass, serial_shops,
          nicolae_take_the_stairs, enter_bailey_5
Temple:   compressed_dpeg_triangle_lava_temple
Bailey:   bailey_polearm_2, bailey

Skill      XL: |  1  2  3  4  5  6  7  8  9 10 |
---------------+-------------------------------+-----
Spellcasting   | 1 2 3 4 5 |  5.5
Fighting       | 2 3 4 5 6 |  6.4
Unarmed Combat | 1 2 3 4 6 8 9 |  9.3
Maces & Flails | 4 5 |  5.0
Transmutations | 2 3 |  3.0
Dodging        | |  2.3
Stealth        | |  1.3
Shields        | |  0.2
Evocations     | |  3.2

Action                   |  1- 3 |  4- 6 |  7- 9 | 10-12 || total
-------------------------+-------+-------+-------+-------++-------
Melee: Unarmed           |    94 |   164 |    87 |       ||   345
       Tentacles         |    27 |    42 |    41 |     3 ||   113
       Constrict         |    23 |    48 |    51 |     3 ||   125
       Punch             |     1 |     5 |    14 |       ||    20
       Mace              |       |       |    92 |     8 ||   100
Evoke: Wand              |       |     2 |    19 |     3 ||    24
       Phantom mirror    |       |       |       |     1 ||     1
  Use: Potion            |     4 |       |       |       ||     4
       Scroll            |       |       |    15 |       ||    15
 Stab: Sleeping          |     5 |     3 |     1 |     4 ||    13
       Paralysed         |       |     5 |     5 |       ||    10
Armor: Skin              |    14 |    14 |    11 |       ||    39
Dodge: Dodged            |    78 |    87 |   135 |     3 ||   303
Block: Other             |       |       |     6 |       ||     6
       Reflection        |       |       |     2 |       ||     2
